 Dungeon Sprint DCSS version 0.28.0-53-g5a82cb258f (webtiles) character file.

Game seed: 9814101571525983186

3063 boopmooplesden the Fencer (level 9, -4/100 HPs)
             Began as a Minotaur Berserker on June 13, 2022.
             Was a High Priest of Trog.
             Slain by an unseen horror (9 damage)
             ... in the Dungeon (Sprint III: "The Ten Rune Challenge").
             The game lasted 00:02:45 (1714 turns).

boopmooplesden the Fencer (Minotaur Berserker)      Turns: 1714, Time: 00:02:46

Health: -4/100     AC:  4    Str: 23    XL:     9   Next: 57%
Magic:  2/2        EV: 15    Int:  4    God:    Trog [*****.]
Gold:   34         SH:  0    Dex: 13    Spells: 8/8 levels left

rFire   . . .      SeeInvis .   q - +2 great sword (antimagic)
rCold   . . .      Faith    .   (shield currently unavailable)
rNeg    . . .      Spirit   .   i - +0 leather armour
rPois   .          Reflect  .   (helmet restricted)
rElec   .          Harm     .   (no cloak)
rCorr   .          Rampage  .   (no gloves)
Will    .....      NoTele   +   (no boots)
Stlth   ++........              (no amulet)
HPRegen 0.26/turn               (no ring)
MPRegen 0.08/turn               (no ring)

@: on berserk cooldown, slowed, very slow
A: horns 2, retaliatory headbutt
a: Renounce Religion, Berserk, Trog's Hand, Brothers in Arms


You were in the Dungeon.
You worshipped Trog.
Trog was extremely pleased with you.
You visited 1 branch You collected 34 gold pieces.

Inventory:

Hand Weapons
 a - a +0 falchion
 o - a +1 long sword of holy wrath
 q - a +2 antimagic great sword (weapon)
Armour
 b - a +0 animal skin
 i - a +0 leather armour (worn)
Scrolls
 h - a scroll of blinking
 j - 2 scrolls of torment {unknown}
 k - a scroll of summoning {unknown}
 m - a scroll of identify {unknown}
Potions
 c - 2 potions of curing
 d - a potion of heal wounds
 e - a potion of haste
 f - 2 potions of magic
 g - 3 potions of berserk rage
 l - 3 potions of flight
 n - 6 potions of mutation
Miscellaneous
 p - a piece from Xom's chessboard (15/15)


   Skills:
 + Level 16.1 Fighting
 + Level 16.9 Long Blades
 + Level 8.7 Armour
 + Level 8.7 Dodging
 + Level 3.5 Stealth


You had 8 spell levels left.
You didn't know any spells.
Your spell library was empty.

Dungeon Overview and Level Annotations

Branches:
Dungeon (1/1)

Altars:
Cheibriados
Dithmenos
Elyvilon
Fedhas
Gozag
Hepliaklqana
Kikubaaqudgha
Makhleb
Nemelex Xobeh
Okawaru
Qazlal
Ru
Sif Muna
Trog
Uskayaw
Vehumet
Wu Jian
Xom
Yredelemnul
Zin
The Shining One
Beogh
Jiyva
Lugonu


Innate Abilities, Weirdness & Mutations

You have a pair of horns on your head.
You reflexively headbutt those who attack you in melee.


Message History

You swing at nothing.
You swing at nothing.
Something hits you.
Deactivating autopickup; reactivate with Ctrl-A.
Something hits you!
You slice something!! You headbutt something. Something hits you!
You miss something. Something hits you! Something hits you.
You miss something.
Something hits you. x2; Something barely misses you.
A red film seems to cover your vision as you go berserk!
You feel yourself moving faster!
You feel mighty! Something hits you! Something barely misses you.
You feel a strong urge to attack something.
Something hits you! x2
Something barely misses you. Something hits you!
You slice something!! You headbutt something! Something hits you.
Something hits you!
* * * LOW HITPOINT WARNING * * *
Something hits you but does no damage. Something hits you.
* * * LOW HITPOINT WARNING * * *
You barely miss something. Something hits you.
* * * LOW HITPOINT WARNING * * *
Something hits you!
* * * LOW HITPOINT WARNING * * *
You closely miss something. Something hits you!
* * * LOW HITPOINT WARNING * * *
Something hits you.
* * * LOW HITPOINT WARNING * * *
You slash something! Trog accepts your kill.
Reactivating autopickup.
You feel a bit more experienced.
Your Fighting skill increases to level 16!
Unknown command.
You start resting.
You feel a strong urge to attack something.
Something barely misses you.
You are no longer berserk.
You are exhausted.
You feel yourself slow down. Something hits you!
You die...

# # # #
#+#####################
#..≈≈≈'.#.'...'.#.#.#.+
#.#≈≈≈#.#.#)..##.#.#.##
'.#§§.#.#.#)).#.#.#.#.#
#.#§.§#...#...##@#.#.#
▓▓▓▓▓▓▓▓▓▓▓▓▓▓#.#.#.#
##.#.#.# +.#.#.#.#
##.#.#.## #+#####


There were no monsters in sight!

Vanquished Creatures
  Josephine (D)
  A centaur warrior (D)
  A deep elf pyromancer (D)
  An unseen horror (D)
  A shadow (D)
  A spatial vortex (D)
  A necrophage (D)
  2 centaurs (D)
  An earth elemental (D)
  A water elemental (D)
  A scorpion (D)
  A jelly (D)
  A wizard (D)
  A necromancer (D)
  3 humans (D)
  A kobold demonologist (D)
  An endoplasm (D)
  3 rats (D)
23 creatures vanquished.

Notes
Turn   | Place    | Note
-------+----------+-------------------------------------------
     0 | D        | boopmooplesden the Minotaur Berserker began the quest for
                  | the Orb.
     0 | D        | Reached XP level 1. HP: 19/19 MP: 0/0
    44 | D        | Reached ** piety under Trog
   265 | D        | Noticed a scorpion
   269 | D        | Killed a scorpion
   270 | D        | Reached XP level 2. HP: 31/31 MP: 1/1
   270 | D        | Reached XP level 3. HP: 38/38 MP: 2/2
   275 | D        | Reached XP level 4. HP: 47/47 MP: 3/3
   415 | D        | Noticed a water elemental
   419 | D        | Killed a water elemental
   420 | D        | Reached XP level 5. HP: 56/56 MP: 4/4
   488 | D        | Found a basalt altar of Yredelemnul.
   488 | D        | Found a shadowy altar of Dithmenos.
   488 | D        | Found a sacrificial altar of Ru.
   488 | D        | Noticed a necrophage
   494 | D        | Reached *** piety under Trog
   495 | D        | Killed a necrophage
   496 | D        | Reached skill level 5 in Armour
   577 | D        | Found a hide-covered altar of Uskayaw.
   577 | D        | Found an iron altar of Okawaru.
   579 | D        | Found a bloodstained altar of Trog.
   579 | D        | Found an ornate altar of the Wu Jian Council.
   579 | D        | Noticed a human
   579 | D        | Noticed a human
   585 | D        | Killed a human
   586 | D        | Reached skill level 10 in Fighting
   586 | D        | Reached skill level 5 in Dodging
   586 | D        | Reached skill level 1 in Stealth
   586 | D        | Reached XP level 6. HP: 67/67 MP: 5/5
   589 | D        | Killed a human
   589 | D        | Reached **** piety under Trog
   632 | D        | Found a glowing silver altar of Zin.
   633 | D        | Found a glowing golden altar of the Shining One.
   633 | D        | Found a white marble altar of Elyvilon.
   633 | D        | Noticed a deep elf pyromancer
   644 | D        | Killed a deep elf pyromancer
   645 | D        | Reached XP level 7. HP: 65/79 MP: 6/6
   786 | D        | Found a radiant altar of Vehumet.
   789 | D        | Found a shimmering blue altar of Sif Muna.
   789 | D        | Found an ancient bone altar of Kikubaaqudgha.
   792 | D        | Reached XP level 8. HP: 86/86 MP: 7/7
   807 | D        | Reached ***** piety under Trog
   849 | D        | Found a blossoming altar of Fedhas.
   849 | D        | Found a stormy altar of Qazlal.
   850 | D        | Found a snail-covered altar of Cheibriados.
   850 | D        | Found a burning altar of Makhleb.
   850 | D        | Found a hazy altar of Hepliaklqana.
   850 | D        | Found a shimmering altar of Xom.
   850 | D        | Found an opulent altar of Gozag.
   850 | D        | Found a sparkling altar of Nemelex Xobeh.
   850 | D        | Found a corrupted altar of Lugonu.
   850 | D        | Found a viscous altar of Jiyva.
  1078 | D        | Noticed Josephine
  1092 | D        | Killed Josephine
  1092 | D        | Received a gift from Trog
  1093 | D        | Reached skill level 15 in Long Blades
  1256 | D        | Reached XP level 9. HP: 44/96 MP: 2/8
  1645 | D        | Noticed a centaur warrior
  1648 | D        | Reached skill level 15 in Fighting
  1650 | D        | Killed a centaur warrior
  1710 | D        | HP: 7/150 [something (5)]
  1711 | D        | Killed an unseen horror
  1714 | D        | Slain by an unseen horror

Illustrated notes

Levels and vault maps discovered:
D:        dungeon_sprint_mu [sprint_mu_entry_cave, sprint_mu_temple_rooms,
          sprint_mu_d1_horrors, sprint_mu_d2_genie, sprint_mu_d3_branching,
          sprint_mu_orc_legion, sprint_mu_elf_gauntlet, sprint_mu_hive_nellie,
          sprint_mu_lair_fedhas, sprint_mu_vaults_butterflies,
          sprint_mu_slime_circle, sprint_mu_swamp_cave, sprint_mu_snake_twists,
          sprint_mu_blade_basic, sprint_mu_crypt_lich, sprint_mu_tomb_spiral,
          sprint_mu_vestibule_basic, sprint_mu_gehenna_hellfire,
          sprint_mu_dis_giant, sprint_mu_tartarus_statrot,
          sprint_mu_cocytus_islands, sprint_mu_zot1]

Skill      XL: |  1  2  3  4  5  6  7  8  9 |
---------------+----------------------------+-----
Fighting       | 6 7 8 10 13 14 16 | 16.1
Long Blades    | 6 7 8 11 13 15 16 | 16.9
Armour         | 3 4 6 7 8 |  8.7
Dodging        | 3 4 5 6 7 8 |  8.7
Stealth        | 1 2 3 |  3.5

Action                   |  1- 3 |  4- 6 |  7- 9 || total
-------------------------+-------+-------+-------++-------
Melee: Falchion          |    21 |    29 |       ||    50
       Headbutt          |     3 |     5 |     9 ||    17
       Punch             |       |     1 |       ||     1
       Long sword        |       |       |    28 ||    28
       Great sword       |       |       |    20 ||    20
Invok: Berserk           |     1 |     4 |     5 ||    10
Armor: Animal skin       |     3 |       |       ||     3
       Leather armour    |     1 |     2 |     7 ||    10
Dodge: Dodged            |    12 |     5 |    21 ||    38
